 Dungeon Crawl Stone Soup version 0.26.1-10-gdfb7c7de75 (webtiles) character file.

Game seed: 16273951896123580441

2618 tardwrangler69 the Sneak (level 9, -3/48 HPs)
             Began as a Vine Stalker Fighter on Apr 7, 2021.
             Was a Believer of Uskayaw.
             Slain by a killer bee (6 damage)
             ... on level 8 of the Dungeon.
             The game lasted 00:18:09 (8954 turns).

tardwrangler69 the Sneak (Vine Stalker Fighter)     Turns: 8954, Time: 00:18:10

Health: -3/48      AC:  6    Str: 22 (23) XL:     9   Next: 60%
Magic:  0/10       EV: 14    Int:  7 (8)  God:    Uskayaw [**....]
Gold:   322        SH:  5    Dex: 12 (13) Spells: 8/8 levels left

rFire    . . .     SeeInvis .   a - +0 rapier
rCold    . . .     Faith    +   o - +0 buckler
rNeg     . . .     Spirit   +   m - +0 leather armour
rPois    .         Reflect  .   (no helmet)
rElec    .         Harm     .   u - +2 cloak
rCorr    .         Rampage  .   (no gloves)
Will     +....                  (no boots)
Stlth    ++++......             d - amulet of faith
HPRegen  0.56/turn              w - ring of stealth
MPRegen  0.12/turn              (no ring)

@: no status effects
A: fangs 3, regeneration 1, magic shield, antimagic bite, no potion heal 3
a: Renounce Religion, Stomp, Line Pass


You were on level 8 of the Dungeon.
You worshipped Uskayaw.
Uskayaw was noncommittal.
You visited 2 branches of the dungeon, and saw 9 of its levels.

You collected 322 gold pieces.

Inventory:

Hand Weapons
 a - a +0 rapier (weapon)
 i - a +1 dagger of speed
Missiles
 r - 47 poisoned darts (quivered)
Armour
 b - a +0 scale mail
 c - a +0 kite shield
 m - a +0 leather armour (worn)
 o - a +0 buckler (worn)
 u - a +2 cloak (worn)
Jewellery
 d - an amulet of faith (around neck)
 j - an uncursed amulet of the acrobat
 w - a ring of stealth (left hand)
Wands
 k - a wand of enslavement (10)
 t - a wand of acid (3)
 y - a wand of polymorph (2)
 A - a wand of flame (21)
Scrolls
 e - 2 scrolls of fog
 f - 2 scrolls of amnesia
 g - a scroll of teleportation
 h - 2 scrolls of remove curse
 n - 3 scrolls of magic mapping
 p - 3 scrolls of identify
 q - 2 scrolls of blinking
 x - a scroll of random uselessness {unknown}
Potions
 l - a potion of haste
 s - a potion of magic
 z - a potion of curing


   Skills:
 + Level 6.2 Fighting
 * Level 6.3 Short Blades
 - Level 2.4 Armour
 + Level 4.9 Dodging
 - Level 7.3 Stealth
 - Level 4.0 Shields


You had 8 spell levels left.
You didn't know any spells.
Your spell library contained the following spells:

 Spells                   Type           Power        Failure   Level
 Beastly Appendage        Tmut           0%           47%         1
 Summon Small Mammal      Summ           0%           47%         1
 Call Imp                 Summ           0%           63%         2
 Wereblood                Tmut           0%           63%         2
 Call Canine Familiar     Summ           0%           85%         3
 Spider Form              Tmut/Pois      0%           85%         3
 Summon Guardian Golem    Hex/Summ       0%           85%         3
 Ice Form                 Ice/Tmut       0%           99%         4
 Summon Ice Beast         Ice/Summ       0%           99%         4
 Summon Lightning Spire   Summ/Air       0%           99%         4
 Blade Hands              Tmut           0%           100%        5


Dungeon Overview and Level Annotations

Branches:
Dungeon (8/15)             Temple (1/1) D:5
   Lair: D:8-11

Altars:
Ashenzari
Cheibriados
Dithmenos
Elyvilon
Fedhas
Gozag
Kikubaaqudgha
Makhleb
Nemelex Xobeh
Okawaru
Qazlal
Ru
Sif Muna
Uskayaw
Wu Jian
Yredelemnul
Zin
The Shining One

Shops:
D:5 =}

Annotations:
D:2 exclusion: downstairs
D:3 3 runed translucent doors, Tirrikindir's ghost, amateur OpBr
D:4 Edmund
D:5 exclusion: ogre
D:7 exclusion: sky beast


Innate Abilities, Weirdness & Mutations

You have razor-sharp teeth.
Your natural rate of healing is unusually fast.
When hurt, damage is shared between your health and your magic reserves.
Your bite disrupts and absorbs the magic of your enemies.
Potions cannot restore your health.


Message History

* * * LOW HITPOINT WARNING * * *
The killer bee closely misses you.
The killer bee stings you but does no damage.
* * * LOW HITPOINT WARNING * * *
You feel sick. You block the killer bee's attack.
The killer bee completely misses you.
* * * LOW HITPOINT WARNING * * *
You feel sick. You block the killer bee's attack. The killer bee stings you!
* * * LOW HITPOINT WARNING * * *
It was a potion of degeneration.
There was something very wrong with that liquid.
You feel weakened.
You feel dopey.
You feel clumsy.
* * * LOW HITPOINT WARNING * * *
You feel sick.
The killer bee stings you but does no damage.
The killer bee completely misses you. You block the killer bee's attack.
The killer bee closely misses you.
It was a potion of curing.
Your system rejects the healing.
You feel better. The killer bee stings you!
You die...

### ##$. #..#
#..#
#..###.####
#..........
#yy#######.
######.@#
#.......#
..#####.# #.#
..######.##
..........# #
####.....##.#
#..........
#.....#####


You could see 2 killer bees.

Vanquished Creatures
  Prince Ribbit (D:6)
  Duvessa (D:4)
  An orc warrior (D:6)
  An ice beast (D:6)
  A necrophage (D:5)
  2 ogres
  4 centaurs
  A bullfrog (D:6)
  A water moccasin zombie (D:6)
  Dowan (D:4)
  2 killer bees (D:8)
  4 hounds
  A gnoll shaman (D:7)
  7 orc priests
  6 orc wizards
  2 iguanas
  6 worker ants
  2 hell rats (D:7)
  A hound zombie (D:5)
  14 gnolls
  11 adders
  11 river rats (D:7)
  A shadow imp (D:5)
  A white imp (D:7)
  3 ufetubi
  2 oozes
  An adder zombie (D:8)
  An adder skeleton (D:7)
  3 worms
  2 dart slugs
  4 leopard geckos
  18 orcs
  8 bats
  5 giant cockroaches
  10 goblins
  9 hobgoblins
  4 jackals (D:5)
  7 kobolds
  6 quokkas (D:7)
  4 ball pythons
  4 frilled lizards
  A jackal zombie (D:6)
  19 rats
194 creatures vanquished.

Vanquished Creatures (others)
  A fungus (D:3)
  2 plants (D:3)
3 creatures vanquished.

Grand Total: 197 creatures vanquished

Notes
Turn   | Place    | Note
-------+----------+-------------------------------------------
     0 | D:1      | tardwrangler69 the Vine Stalker Fighter began the quest for
                  | the Orb.
     0 | D:1      | Reached XP level 1. HP: 11/11 MP: 2/2
   520 | D:1      | Reached skill level 1 in Stealth
   520 | D:1      | Reached XP level 2. HP: 16/16 MP: 3/3
  1280 | D:2      | Reached XP level 3. HP: 19/19 MP: 4/4
  1992 | D:2      | Gained mutation: Your natural rate of healing is unusually
                  | fast. [Vine Stalker growth]
  1992 | D:2      | Reached XP level 4. HP: 21/23 MP: 5/5
  2368 | D:2      | Reached XP level 5. HP: 26/27 MP: 6/6
  2562 | D:2      | Found an ornate altar of the Wu Jian Council.
  3130 | D:3      | Reached XP level 6. HP: 8/32 MP: 2/7
  3513 | D:3      | Found a runed translucent gate.
  3513 | D:3      | Found a runed translucent gate.
  3513 | D:3      | Found a runed translucent gate.
  3515 | D:3      | Noticed Tirrikindir's ghost (amateur OpBr)
  3636 | D:3      | Reached skill level 5 in Short Blades
  3686 | D:3      | Found a shimmering blue altar of Sif Muna.
  3858 | D:4      | Noticed Edmund
  4194 | D:4      | Noticed Duvessa
  4195 | D:4      | Noticed Dowan
  4286 | D:4      | Killed Duvessa
  4287 | D:4      | Reached skill level 2 in Stealth
  4287 | D:4      | Reached XP level 7. HP: 34/36 MP: 5/8
  4329 | D:4      | Killed Dowan
  4330 | D:4      | Reached skill level 1 in Dodging
  4330 | D:4      | Reached skill level 3 in Stealth
  4818 | D:5      | Entered Level 5 of the Dungeon
  4844 | D:5      | Reached skill level 4 in Stealth
  4857 | D:5      | Found Sanuotsarui's Gadget Shop.
  5145 | D:5      | Gained mutation: You have razor-sharp teeth. [Vine Stalker
                  | growth]
  5145 | D:5      | Reached XP level 8. HP: 38/42 MP: 9/9
  5269 | D:5      | Reached skill level 5 in Stealth
  5348 | D:5      | Found a staircase to the Ecumenical Temple.
  5367 | Temple   | Entered the Ecumenical Temple
  5381 | Temple   | Became a worshipper of Uskayaw the Reveller
  5622 | D:5      | Reached * piety under Uskayaw
  5625 | D:5      | Reached ** piety under Uskayaw
  5652 | D:5      | Reached *** piety under Uskayaw
  5657 | D:5      | Reached **** piety under Uskayaw
  5662 | D:5      | Reached ***** piety under Uskayaw
  6073 | D:5      | Found Mashraege's Jewellery Shop.
  6193 | D:6      | Reached skill level 6 in Stealth
  6212 | D:6      | Reached skill level 5 in Fighting
  6388 | D:6      | Found a white marble altar of Elyvilon.
  6576 | D:6      | Reached skill level 7 in Stealth
  6576 | D:6      | Reached XP level 9. HP: 21/47 MP: 6/10
  6955 | D:6      | Noticed Prince Ribbit
  6966 | D:6      | Killed Prince Ribbit
  7550 | D:7      | Reached ****** piety under Uskayaw
  7847 | D:7      | Found a broken altar of Ashenzari.
  7917 | D:7      | Found an opulent altar of Gozag.
  7917 | D:7      | Found a glowing silver altar of Zin.
  8869 | D:8      | Found a burning altar of Makhleb.
  8953 | D:8      | HP: 2/48 [poisoned by a killer bee]
  8954 | D:8      | Slain by a killer bee

Illustrated notes

Levels and vault maps discovered:
D:1:      lightli_arrival_quake, layout_loops_corners
D:2:      layout_basic, overflow_temple_1_default, minmay_pentomino_o2
D:3:      layout_basic, led_sif_pool, gammafunk_ghost_nasty_kobolds
D:4:      layout_basic, uniq_duvessa, uniq_edmund
D:5:      layout_basic, minmay_temple_entry_slanted, serial_shops, shop,
          kennysheep_mini
D:6:      layout_basic, elyvilon_altar_3, uniq_prince_ribbit1
D:7:      lemuel_ratsnest, layout_basic, cheibrodos_ashenzari_chains,
          grunt_temple_overflow_gold_and_silver
D:8:      layout_basic, bloody_trog, nicolae_overflow_crystal_walls,
          serial_aquarium, aquarium_bridge_square [aquarium_subvault_bridge,
          aquarium_subvault_window, aquarium_subvault_bridge,
          aquarium_subvault_balcony], aquarium_bridge_square
          [aquarium_subvault_bridge, aquarium_subvault_window,
          aquarium_subvault_wall, aquarium_subvault_wall], aquarium_window_fake,
          aquarium_window_2, aquarium_view_2g, aquarium_pool_1,
          chequers_big_river
Temple:   eino_narrow_crystal_temple

Skill      XL: |  1  2  3  4  5  6  7  8  9 |
---------------+----------------------------+-----
Short Blades   | 2 3 4 5 6 |  6.3
Stealth        | 1 2 4 7 |  7.3
Shields        | 3 4 |  4.0
Fighting       | 3 4 5 6 |  6.2
Dodging        | 2 4 |  4.9
Armour         | |  2.4

Action                   |  1- 3 |  4- 6 |  7- 9 || total
-------------------------+-------+-------+-------++-------
Melee: Rapier            |    14 |       |   110 ||   124
       Dagger            |    81 |   331 |   455 ||   867
       Bite              |    24 |    78 |   168 ||   270
Throw: Dart              |       |    10 |       ||    10
Invok: Stomp             |       |       |     1 ||     1
  Use: Potion            |     2 |     3 |     3 ||     8
       Scroll            |       |       |    10 ||    10
 Stab: Sleeping          |     2 |     4 |     8 ||    14
       Paralysed         |       |       |    12 ||    12
Armor: Scale mail        |     6 |       |       ||     6
       Leather armour    |     5 |    30 |    74 ||   109
       Skin              |       |    16 |    27 ||    43
Dodge: Dodged            |    31 |    88 |   174 ||   293
Block: Kite shield       |    20 |       |       ||    20
       Buckler           |     3 |    53 |    71 ||   127
